 Dungeon Crawl Stone Soup version 0.26.1-2-gb8aa6d0cf2 (webtiles) character file.

Game seed: 2304294520623772037

607 nightchill the Spear-Bearer (level 7, -4/55 HPs)
             Began as a Merfolk Gladiator on Mar 17, 2021.
             Was a Believer of Nemelex Xobeh.
             Slain by a wyvern (13 damage)
             ... summoned by the player character
             ... on level 5 of the Dungeon.
             The game lasted 00:07:06 (3938 turns).

nightchill the Spear-Bearer (Merfolk Gladiator)     Turns: 3938, Time: 00:07:06

Health: -4/55      AC:  8    Str: 16    XL:     7   Next: 43%
Magic:  9/9        EV: 13    Int:  7    God:    Nemelex Xobeh [**....]
Gold:   162        SH:  0    Dex: 16    Spells: 6/6 levels left

rFire    + + .     SeeInvis .   a - +0 trident
rCold    + . .     Faith    .   (no shield)
rNeg     + . .     Spirit   .   u - +2 ring mail {rF+}
rPois    .         Reflect  .   z - +1 hat
rElec    .         Harm     .   l - scarf {rC+ rF+}
rCorr    .         Rampage  .   (no gloves)
Will     +....                  (no boots)
Stlth    +.........             k - amulet of regeneration
HPRegen  0.58/turn              q - ring of willpower
MPRegen  0.11/turn              v - ring of positive energy

@: flying
A: change form in water, swift swim, stealthy swim
a: Renounce Religion, Draw Escape, Draw Destruction, Draw Summoning


You were on level 5 of the Dungeon.
You worshipped Nemelex Xobeh.
Nemelex Xobeh was pleased with you.
You visited 1 branch of the dungeon, and saw 6 of its levels.

You collected 162 gold pieces.

Inventory:

Hand Weapons
 a - a +0 trident (weapon)
 b - a +2 dagger of venom
Missiles
 d - 3 throwing nets (quivered)
 f - 7 poisoned darts
Armour
 c - a +0 helmet
 l - a scarf of resistance (worn)
 u - a +2 ring mail of fire resistance (worn)
 z - a +1 hat (worn)
Jewellery
 k - an amulet of regeneration (around neck)
 q - a ring of willpower (left hand)
 r - an uncursed ring of fire
 v - a ring of positive energy (right hand)
 A - an uncursed ring of see invisible {unknown}
Scrolls
 g - 4 scrolls of teleportation {unknown}
 h - 3 scrolls of blinking {unknown}
 m - a scroll of immolation {unknown}
 p - a scroll of random uselessness {unknown}
 t - a scroll of amnesia {unknown}
 w - a scroll of fear {unknown}
 y - a scroll of remove curse {unknown}
Potions
 e - 3 potions of lignification
 i - 4 potions of magic
 j - a potion of brilliance
 n - a potion of invisibility
 o - a potion of heal wounds {unknown}
 s - a potion of might {unknown}
 x - a potion of flight


   Skills:
 + Level 4.7 Fighting
 * Level 9.1 Polearms
 - Level 2.0 Throwing
 - Level 4.0 Dodging
 + Level 3.9 Invocations


You had 6 spell levels left.
You didn't know any spells.
Your spell library contained the following spells:

 Spells                   Type           Power        Failure   Level
 Corona                   Hex            0%           65%         1
 Ensorcelled Hibernation  Hex/Ice        0%           80%         2
 Confusing Touch          Hex            0%           95%         3
 Dazzling Flash           Conj/Hex       0%           95%         3
 Tukima's Dance           Hex            0%           95%         3


Dungeon Overview and Level Annotations

Branches:
Dungeon (6/15)
 Temple: D:4-7

Altars:
Nemelex Xobeh
Qazlal
Sif Muna
The Shining One

Annotations:
D:2 exclusion: downstairs


Message History

You see here a +0 club.
Your wyvern bites the orc warrior but does no damage.
Your wyvern barely misses the orc warrior.
Okay, then.
The wyvern bites you but does no damage.
Your wyvern bites the orc warrior.
Your wyvern barely misses the orc warrior.
The wyvern bites you!
* * * LOW HITPOINT WARNING * * *
The wyvern bites you but does no damage.
Press: ? - help, v - describe, . - travel
Here: a wyvern (summoned)
The floor.
Your wyvern bites the orc warrior.
Your wyvern bites the orc warrior but does no damage.
The wyvern bites you but does no damage.
Your wyvern bites the orc warrior!
The wyvern bites you!
You die...
Your body disappears without a glow.

#.##########.# # #.....# #.# #
###.###.# #.###### #####
#.....#.######.#..... ....#
#.#.#.#.##.....#.####
....#########.#.#.#.##.....#.# #
....[.........#.#....'.......# #
....###########.###.##.....### #
#+#>)...)).lo.ll@..........#
#.).[....####.#.#####.###########
#........'.......................
#........##.#.#.###.#.##..)....#.
#........##.#.#.# #.#.##.......##
#........##.#.#.# #.#.##.......#
#........##.#.#.# #.#.####'#####
#........##.#.#.# #.#..###.######
#.#########.#.#.###.#............


You could see an orc warrior, 2 wyverns and a friendly wyvern (summoned).

Vanquished Creatures
  A centaur (D:5)
  A centaur zombie (D:5)
  An orc priest (D:3)
  A hound (D:4)
  A centaur skeleton (D:4)
  An iguana (D:4)
  3 orc wizards
  2 worker ants
  A worker ant zombie (D:5)
  4 gnolls (D:3)
  7 adders
  A shadow imp (D:5)
  A white imp (D:3)
  An ufetubus (D:5)
  An ooze (D:5)
  An adder zombie (D:5)
  An adder skeleton (D:4)
  2 worms (D:3)
  A dart slug (D:3)
  A leopard gecko (D:3)
  21 orcs
  6 bats
  4 giant cockroaches
  5 hobgoblins
  8 jackals
  6 kobolds
  A quokka (D:3)
  10 frilled lizards
  4 goblins
  3 rats (D:1)
101 creatures vanquished.

Vanquished Creatures (collateral kills)
  An orc (D:5)
1 creature vanquished.

Vanquished Creatures (others)
  7 plants (D:3)
7 creatures vanquished.

Grand Total: 109 creatures vanquished

Notes
Turn   | Place    | Note
-------+----------+-------------------------------------------
     0 | D:1      | nightchill the Merfolk Gladiator began the quest for the
                  | Orb.
     0 | D:1      | Reached XP level 1. HP: 16/16 MP: 1/1
   132 | D:1      | Found a sparkling altar of Nemelex Xobeh.
   154 | D:1      | Became a worshipper of Nemelex Xobeh the Trickster
   195 | D:1      | Reached XP level 2. HP: 23/23 MP: 2/2
   224 | D:1      | Reached skill level 5 in Polearms
   775 | D:2      | Found a stormy altar of Qazlal.
   816 | D:2      | Reached skill level 1 in Invocations
   925 | D:2      | Reached XP level 3. HP: 26/28 MP: 3/3
  1165 | D:2      | Reached * piety under Nemelex Xobeh
  1604 | D:3      | Reached XP level 4. HP: 34/34 MP: 5/5
  1620 | D:3      | Reached skill level 6 in Polearms
  1993 | D:3      | Reached XP level 5. HP: 41/41 MP: 6/6
  2319 | D:3      | Reached skill level 7 in Polearms
  2578 | D:3      | Reached XP level 6. HP: 45/48 MP: 8/8
  2679 | D:4      | Received a gift from Nemelex Xobeh
  2829 | D:4      | Reached skill level 8 in Polearms
  2839 | D:4      | You fall into a shaft and drop 1 floor!
  2839 | D:5      | Entered Level 5 of the Dungeon
  2923 | D:5      | Found a glowing golden altar of the Shining One.
  3031 | D:5      | Found a shimmering blue altar of Sif Muna.
  3182 | D:5      | Reached XP level 7. HP: 55/55 MP: 9/9
  3375 | D:5      | Reached ** piety under Nemelex Xobeh
  3733 | D:6      | Reached skill level 9 in Polearms
  3925 | D:5      | Noticed a wyvern
  3925 | D:5      | Noticed a wyvern
  3938 | D:5      | Slain by a wyvern

Illustrated notes

Levels and vault maps discovered:
D:1:      sevenhm_arrival_forest_fort_small_6, layout_basic,
          nemelex_xobeh_ov_fountains_minmay
D:2:      layout_loops_cross, kennysheep_path_1, corner_web_ring,
          nicolae_qazlal_general_emergency
D:3:      layout_rooms, serial_aquarium, aquarium_bridge_square
          [aquarium_subvault_window, aquarium_subvault_balcony,
          aquarium_subvault_balcony, aquarium_subvault_bridge],
          aquarium_window_corner, aquarium_window_corner, aquarium_view_2a,
          aquarium_view_2c, aquarium_balcony_5b, aquarium_pool_corner,
          corexii_leaking_fountain, minmay_lizard_king
D:4:      minmay_spotlight, layout_loops_ring, uniq_edmund, uniq_pikel,
          uniq_robin
D:5:      layout_basic, lemuel_round_altar, lemuel_blue_sif_altar,
          minmay_misc_feat_more_columns
D:6:      layout_basic, xom_teletrap_fun, grunt_ministairs_12,
          minmay_hollow_rounded_squares

Skill      XL: |  1  2  3  4  5  6  7 |
---------------+----------------------+-----
Polearms       | 5 6 7 8 9 |  9.1
Invocations    | 1 2 3 |  3.9
Fighting       | 3 4 |  4.7
Throwing       | |  2.0
Dodging        | |  4.0

Action                   |  1- 3 |  4- 6 |  7- 9 || total
-------------------------+-------+-------+-------++-------
Melee: Trident           |   121 |   218 |    74 ||   413
Invok: Draw Destruction  |       |       |     1 ||     1
       Draw Summoning    |       |       |     1 ||     1
  Use: Scroll            |     4 |     1 |       ||     5
       Potion            |       |       |     1 ||     1
Armor: Leather armour    |    19 |     2 |       ||    21
       Ring mail         |       |    47 |    32 ||    79
Dodge: Dodged            |    76 |    86 |    71 ||   233
